 Dungeon Crawl Stone Soup version 0.25.0-15-gac7dcb8919 (webtiles) character file.

Game seed: 6954190295586557534

74 Patate the Skirmisher (level 4, 0/29 HPs)
             Began as a Gargoyle Berserker on June 28, 2020.
             Was a Believer of Trog.
             Slain by a river rat (3 damage)
             ... on level 3 of the Dungeon.
             The game lasted 00:04:07 (2354 turns).

Patate the Skirmisher (Gargoyle Berserker)          Turns: 2354, Time: 00:04:07

Health: 0/29       AC:  5    Str: 21    XL:     4   Next: 30%
Magic:  4/4        EV: 11    Int:  8    God:    Trog [**....]
Gold:   104        SH:  3    Dex:  9    Spells: 3/3 levels left

rFire    . . .     SeeInvis .   p - +0 whip
rCold    + . .     Gourm    .   d - +1 buckler
rNeg     + . .     Faith    .   b - +0 animal skin
rPois    ∞         Spirit   .   (no helmet)
rElec    +         Reflect  .   (no cloak)
rCorr    .         Harm     .   (no gloves)
MR       .....                  (no boots)
Stlth    +.........             (no amulet)
HPRegen  0.09/turn              q - ring of protection from cold
MPRegen  0.09/turn              (no ring)

@: no status effects
A: negative energy resistance 1, electricity resistance, unbreathing,
petrification resistance, rot immunity, AC +3
a: Berserk, Trog's Hand, Renounce Religion


You were on level 3 of the Dungeon.
You worshipped Trog.
Trog was pleased with you.
You were not hungry.

You visited 1 branch of the dungeon, and saw 3 of its levels.

You collected 104 gold pieces.

Inventory:

Hand Weapons
 a - a +1 mace
 p - a +0 whip (weapon)
Armour
 b - a +0 animal skin (worn)
 d - a +1 buckler (worn)
Jewellery
 q - a ring of protection from cold (left hand)
Scrolls
 f - a scroll of enchant armour
 i - a scroll of magic mapping
 o - a scroll of remove curse
Potions
 e - a potion of might
 g - a potion of berserk rage
 j - a potion of haste {unknown}
 l - a potion of mutation {unknown}
 m - 2 potions of curing {unknown}
 n - a potion of ambrosia {unknown}
Comestibles
 c - 4 rations
 h - 4 chunks of flesh


   Skills:
 + Level 4.0 Fighting
 + Level 3.6 Maces & Flails
 + Level 3.0 Armour
 + Level 2.2 Dodging


You had 3 spell levels left.
You didn't know any spells.
Your spell library was empty.

Dungeon Overview and Level Annotations

Branches:
Dungeon (3/15)

Altars:
Hepliaklqana
Xom
The Shining One

Portals:
Sewer: D:3


Innate Abilities, Weirdness & Mutations

You are resistant to torment.
Your stone body is resilient. (AC +3)
You are immune to poison.
You resist negative energy. (rN+)
You are resistant to electric shocks. (rElec)
You can survive without breathing.
You are immune to petrification.
You are immune to rotting.


Message History

You hit the river rat.
The river rat is lightly wounded.
You closely miss the river rat.
The river rat is lightly wounded.
The river rat bites you but does no damage.
You hit the river rat.
The river rat is heavily wounded.
The rat misses you. The river rat bites you.
* * * LOW HITPOINT WARNING * * *
You closely miss the river rat.
The river rat is heavily wounded.
The rat misses you. The river rat bites you.
* * * LOW HITPOINT WARNING * * *
The rat misses you.
You hit the river rat.
The river rat is severely wounded.
You hear the slow rusting of a drain.
The rat twitches its whiskers.
The rat closely misses you. The river rat bites you.
You die...

#.# ### #.#
##.## #.#
##...######.#
#<....÷.....#
##....#######
#...#..#
####.#r##.#
#...r@....#
#....##r###..#
#..#.#≈≈≈≈#..#
. #.#≈≈≈≈#..#
# #≈∩≈≈#..#
#≈≈≈≈#..#
#≈≈≈≈#.##
######.#


You could see a river rat and 2 rats.

Vanquished Creatures
  3 adders
  An ooze (D:1)
  A worm (D:3)
  2 leopard geckos
  A ball python (D:1)
  3 giant cockroaches
  6 goblins
  4 hobgoblins
  A quokka (D:2)
  6 bats
  7 frilled lizards
  4 kobolds
  4 rats
43 creatures vanquished.

Notes
Turn   | Place    | Note
-------+----------+-------------------------------------------
     0 | D:1      | Patate the Gargoyle Berserker began the quest for the Orb.
     0 | D:1      | Reached XP level 1. HP: 14/14 MP: 1/1
   227 | D:1      | Reached XP level 2. HP: 15/19 MP: 2/2
   772 | D:1      | Found a shimmering altar of Xom.
   978 | D:1      | Reached ** piety under Trog
   978 | D:1      | Reached XP level 3. HP: 23/23 MP: 3/3
  1835 | D:2      | Found a glowing golden altar of the Shining One.
  1905 | D:2      | Found a hazy altar of Hepliaklqana.
  2150 | D:3      | Reached XP level 4. HP: 29/29 MP: 4/4
  2329 | D:3      | Found a glowing drain.
  2339 | D:3      | Reached skill level 4 in Fighting
  2354 | D:3      | Slain by a river rat

Illustrated notes

Levels and vault maps discovered:
D:1:      dpeg_arrival_long_road, layout_basic, xom_teletrap_fun
D:2:      layout_loops_ring, marbit_many_paths, lemuel_crystal_altar
D:3:      layout_loops_ring, overflow_temple_1_default, portal_sewer_entry_c,
          tso_altar

Skill      XL: |  1  2  3  4 |
---------------+-------------+-----
Dodging        | 2 |  2.2
Armour         | 3 |  3.0
Fighting       | 4 |  4.0
Maces & Flails | |  3.6

Action                   |  1- 3 |  4- 6 || total
-------------------------+-------+-------++-------
Melee: Mace              |   117 |       ||   117
       Whip              |     1 |    35 ||    36
  Use: Scroll            |    11 |       ||    11
  Eat: Chunk             |     4 |     1 ||     5
Armor: Animal skin       |    47 |     8 ||    55
Dodge: Dodged            |    94 |    21 ||   115
Block: Buckler           |    10 |     3 ||    13
